[Event "*** Titled Tuesday Blitz"]
[Site "Chess.com"]
[Date "2021.04.06"]
[Round "10"]
[White "zmeeed67"]
[Black "Kobalia"]
[Result "1-0"]
[WhiteElo "2479"]
[BlackElo "2766"]
[TimeControl "180+1"]
[EndTime "11:56:30 PDT"]
[Termination "zmeeed67 won on time"]

1. d4 Nf6 2. c4 g6 3. Nc3 Bg7 4. e4 O-O 5. Be2 d6 6. Bg5 h6 7. Be3 e5 8. d5 a5 9. g4 Na6 10.
h4 Nc5 11. f3 h5 12. g5 Nfd7 13. Nh3 Nb6 14. Qc2 a4 15. O-O-O Bxh3 16. Rxh3 f5 17. gxf6 Bxf6 18. Rg1 Kh7 19. Rhg3 Rg8 20. Bg5 Qe7 21.
R3g2 Raf8 22. f4 Bxg5 23. Rxg5 Rxf4 24. Bxh5 Rxh4 25. Rxg6 Rxg6 26. Bxg6+ Kh8 27. Bf5 Qf8 28. Qg2 Nxc4 29. Kb1 Rh6 30. Nb5 Ne3 31. Qg5 Nxf5 32. exf5 Ne4 33. Qe3 Nf6 34. Nxc7 Qf7 35. Qxh6+ 1-0

[Event "*** Titled Tuesday Blitz"]
[Site "Chess.com"]
[Date "2021.04.06"]
[Round "10"]
[White "prachiti01"]
[Black "Redzishchess"]
[Result "0-1"]
[WhiteElo "2171"]
[BlackElo "2340"]
[TimeControl "180+1"]
[EndTime "11:56:30 PDT"]
[Termination "Redzishchess won on time"]

1. e4 c5 2. c3 d5 3. exd5 Qxd5 4. d4 Nc6 5. Nf3 Nf6 6. Be2 Bf5 7. Na3 e6 8. O-O O-O-O 9. Qa4 cxd4 10. cxd4 Bxa3 11. Qxa3 Qa5 12. Qxa5 Nxa5 13. Bd2 Nc6 14. Rac1 Kb8 15. Be3 Be4 16. Ne5 Rhf8 17. Rfd1 Nd7 18. Nc4 Bd5 19. a3 Nb6 20. Nxb6 axb6 21. Bf4+ Ka7 22. Bf1 Rc8 23. Be3 Na5 24. Rc3 Rxc3 25. bxc3 Rc8 26. Bd2 Nc4 27. Be1 Ka6 28. Rb1 b5 29. Bxc4 Rxc4 30. f3 Ka5 31. Rb4 Rc8 32. Kf2 Bc4 33. Ke3 Rd8 34. Bd2 Rd5 0-1

[Event "*** Titled Tuesday Blitz"]
[Site "Chess.com"]
[Date "2021.04.06"]
[Round "10"]
[White "SanchezKelvin"]
[Black "HanSchut"]
[Result "0-1"]
[WhiteElo "2480"]
[BlackElo "2273"]
[TimeControl "180+1"]
[EndTime "11:56:30 PDT"]
[Termination "HanSchut won by resignation"]

1. e4 c5 2. Nf3 d6 3. d4 cxd4 4. Nxd4 Nf6 5. Nc3 g6 6. f3 Bg7 7. Bc4 O-O 8. Be3 Nc6 9. h4 h5 10. Qd2 Bd7 11. Bb3 Rc8 12. O-O-O Nxd4 13. Bxd4 b5 14. Nd5 Nxd5 15. Bxg7 Kxg7 16. Bxd5 a5 17. Kb1 e6 18. Bb3 a4 19. Qxd6 Bc6 20. Bxe6 Qxd6 21. Rxd6 fxe6 22. Rxe6 Rfd8 23. Kc1 Rd7 24.
Rd1 Rxd1+ 25. Kxd1 Rc7 26. a3 Kf7 27. Re5 Kf6 28. Rc5 Ke6 29. Ke2 Rc8 30. Ke3 Bd7 31. Rxc8 Bxc8 32. g4 hxg4 33. fxg4 Ke5 34. h5 g5 35. h6 Kf6 36. b3 Bxg4 37. bxa4 bxa4 38. c4 Bd7 39. Kd4 Kg6 40. Ke5 Kxh6 41. Kd6 Bh3 42. Ke5 g4 43. Kf4 Kh5 44. Kg3 Bf1 45. c5 Bb5 46. e5 Kg5 47. e6 Bc6 48. e7 Kf5 49. Kf2 Kf4 50. Ke2 g3 51. Kf1 Kf3 52. Kg1 Bd7 53.
Kf1 Bb5+ 54. Kg1 g2 55. c6 Bxc6 56. Kh2 Kf2 0-1

[Event "*** Titled Tuesday Blitz"]
[Site "Chess.com"]
[Date "2021.04.06"]
[Round "10"]
[White "shaheus"]
[Black "bylavochka"]
[Result "0-1"]
[WhiteElo "2352"]
[BlackElo "2233"]
[TimeControl "180+1"]
[EndTime "11:56:30 PDT"]
[Termination "bylavochka won on time"]

1. e4 c5 2. Nf3 d6 3. c3 Nf6 4. Qb3 Nc6 5. d4 cxd4 6. cxd4 e6 7. Nc3 d5 8. e5 Ne4 9. Bd3 Bb4 10. O-O Nxc3 11. bxc3 Be7 12. Rd1 Na5 13. Qc2 Bd7 14. Rb1 Rc8 15. h4 b6 16. h5 h6 17. g3 Nc4 18. Kg2 Bc6 19. Rh1 Bb7 20. Qe2 Qc7 21. Ne1 Na3 22. Rb3 Nc4 23. Qg4 Kf8 24. Rf1 Na5 25. Bd2 Nxb3 26. axb3 Rg8 27. f4 Ke8 28. f5 Kd7 29. fxe6+ fxe6 30. Bg6 Rcf8 31. Bf7 Rxf7 32. Rxf7 Qd8 33. Qg6 Qe8 34. Nf3 Rf8 35. Rxf8 Qxf8 0-1

[Event "*** Titled Tuesday Blitz"]
[Site "Chess.com"]
[Date "2021.04.06"]
[Round "10"]
[White "Marianov_Podstavnikov"]
[Black "Chopper1905"]
[Result "0-1"]
[WhiteElo "2411"]
[BlackElo "2918"]
[TimeControl "180+1"]
[EndTime "11:56:31 PDT"]
[Termination "Chopper1905 won by resignation"]

1. e4 e6 2. d4 d5 3. Nd2 c5 4.
exd5 Qxd5 5. Ngf3 cxd4 6. Bc4 Qd7 7.
O-O Nf6 8. Nb3 Nc6 9. Qe2 a6 10. a4 Bd6 11. Rd1 O-O 12. Nbxd4 Nxd4 13. Rxd4 Qc7 14.
Bg5 Nd5 15. Rad1 Bc5 16. Rh4 Ne7 17. Ne5 Nf5 18. Rh3 f6 19. Qh5 Qxe5 20. Qxh7+ Kf7 21. Qh5+ Ke7 22. Bc1 Bxf2+ 23. Kxf2 Qc5+ 24. Re3 Qxc4 25. Qxf5 e5 26. Qg6 Bg4 27. Rde1 Rac8 28. Rc3 Qxa4 29. Rxc8 Bxc8 30. Qxg7+ Rf7 31. Qg3 Qxc2+ 32. Kg1 Be6 33. Qa3+ Ke8 34. Bh6 Bd5 35. Qg3 Qxb2 36. Rc1 Rh7 37. Rd1 Rxh6 38. Rxd5 Qb1+ 39. Kf2 Qa2+ 40. Ke3 Qxd5 0-1

[Event "*** Titled Tuesday Blitz"]
[Site "Chess.com"]
[Date "2021.04.06"]
[Round "10"]
[White "NTBT_DHS"]
[Black "pastouche06"]
[Result "1-0"]
[WhiteElo "2729"]
[BlackElo "2609"]
[TimeControl "180+1"]
[EndTime "11:56:32 PDT"]
[Termination "NTBT_DHS won by resignation"]

1. d4 d5 2. c4 e6 3. Nf3 Nf6 4. g3 dxc4 5. Bg2 Bd7 6. O-O Bc6 7. Qc2 Nbd7 8. Nbd2 b5 9. b3 Be7 10. bxc4 bxc4 11.
Qxc4 Bd5 12. Qc2 c5 13. e4 Bc6 14. e5 Nd5 15. Ba3 Rc8 16. dxc5 O-O 17. Ne4 Qa5 18. Bb2 Nxc5 19. Nd6 Ba4 20. Qd2 Qxd2 21. Nxd2 Rb8 22. Bd4 Nd3 23. Be4 N3b4 24. Bxa7 Ra8 25. Bc5 Nc6 26. Rfc1 Nxe5 27. Bxd5 exd5 28. Nf5 Bxc5 29.
Rxc5 Rfd8 30. f4 Nd3 31. Rxd5 Rxd5 32. Ne7+ Kf8 33. Nxd5 Rd8 34. Nc3 Bc6 35. Nb3 Nb4 36. Na5 Ba8 37. a3 Nc2 38. Rd1 Rxd1+ 39. Nxd1 Nxa3 40.
Nc3 Nc2 41. Kf2 Nd4 42. Ke3 Nc6 43. Nc4 Ne7 44. Kd4 f6 45. Kc5 Kf7 46. Nd6+ Ke6 47. Ncb5 Bg2 48. Nc7+ Kd7 49. Nce8 Nf5 50. Nxf5 Kxe8 51.
Nxg7+ Kf7 52. Nf5 Be4 53. Nd6+ 1-0

[Event "*** Titled Tuesday Blitz"]
[Site "Chess.com"]
[Date "2021.04.06"]
[Round "10"]
[White "SF-96"]
[Black "GM_Crest"]
[Result "0-1"]
[WhiteElo "2586"]
[BlackElo "2714"]
[TimeControl "180+1"]
[EndTime "11:56:32 PDT"]
[Termination "GM_Crest won by resignation"]

1. Nf3 d5 2. g3 c6 3. Bg2 Bg4 4.
O-O Nd7 5. d4 e6 6. c4 Bd6 7. Qb3 Qb8 8. Nc3 Ngf6 9. Re1 O-O 10. h3 Bh5 11. Nh4 Bxg3 12. fxg3 Qxg3 13. Rf1 Qxh4 14. Qxb7 Qxd4+ 15. Kh2 Qxc4 16. Bg5 Rab8 17. Qc7 Rxb2 18. Rac1 Qd4 19. Qg3 Bxe2 20. Rf2 Nh5 21. Qe3 Qxe3 22. Bxe3 Rfb8 23. Rxe2 c5 24. Rxb2 Rxb2 25.
Na4 Rxa2 26. Nxc5 Nxc5 27. Rxc5 h6 28. Rc7 a5 29. Kg1 a4 30. Bd4 Nf4 31. Bf1 Ne2+ 32.
Bxe2 Rxe2 33. Ra7 Ra2 34. h4 h5 35. Kf1 f6 36. Ra5 e5 37. Bf2 d4 38. Kg2 e4 39.
Kf1 e3 40. Bg1 Ra1+ 41. Kg2 e2 0-1

[Event "*** Titled Tuesday Blitz"]
[Site "Chess.com"]
[Date "2021.04.06"]
[Round "10"]
[White "Keks2017"]
[Black "CSB7"]
[Result "0-1"]
[WhiteElo "2563"]
[BlackElo "2695"]
[TimeControl "180+1"]
[EndTime "11:56:32 PDT"]
[Termination "CSB7 won by resignation"]

1. g3 Nf6 2. Bg2 d5 3. Nf3 c5 4. O-O Nc6 5. d3 e6 6. Nbd2 Be7 7. e4 O-O 8. Re1 b5 9. e5 Nd7 10. Nf1 Bb7 11. h4 Qc7 12. Bf4 Rfc8 13. N1h2 Qd8 14. h5 h6 15. g4 a5 16. Bg3 a4 17.
Nf1 a3 18. b3 c4 19. d4 cxb3 20. cxb3 Nb4 21. Ne3 Rc3 22. Bf1 Qb6 23. Bf4 Rac8 24. g5 hxg5 25. Nxg5 Bxg5 26. Bxg5 Nc6 27. Nc2 Ncxe5 28. dxe5 Rxc2 29. Be3 d4 30. Qxd4 Qc6 31. Kh2 Qh1+ 32. Kg3 Qf3+ 33. Kh4 Nf8 34. Qg4 Qxg4+ 35. Kxg4 Nd7 36. f4 b4 37. Bb5 Nc5 38. Rec1 Ne4 39. Rxc2 Rxc2 40. Bd3 Rg2+ 41. Kh3 Rg3+ 42. Kh2 Rxe3 43.
Bxe4 Bxe4 44. Rc1 Bd5 45. Rc8+ Kh7 46. Rb8 Bxb3 47. Rxb4 Bxa2 48. Ra4 Bd5 49. Ra7 a2 0-1

[Event "*** Titled Tuesday Blitz"]
[Site "Chess.com"]
[Date "2021.04.06"]
[Round "10"]
[White "MIJuanReyesRosa"]
[Black "BeyondMadness"]
[Result "1-0"]
[WhiteElo "2026"]
[BlackElo "2257"]
[TimeControl "180+1"]
[EndTime "11:56:32 PDT"]
[Termination "MIJuanReyesRosa won by resignation"]

1. d4 Nf6 2. Nf3 g6 3. c4 Bg7 4. Nc3 d5 5. Bf4 O-O 6. Rc1 c6 7. e3 Nh5 8. Be5 Nf6 9. Bd3 Nbd7 10. Bg3 Nh5 11. cxd5 cxd5 12. Nxd5 Nxg3 13. hxg3 Qa5+ 14. Nc3 e5 15. d5 Nf6 16. e4 Ng4 17. O-O Bd7 18.
Be2 Rac8 19. Nd2 h5 20. Nc4 Qb4 21. a3 Qe7 22. d6 Qg5 23. Nd5 Kh8 24. Bxg4 Bxg4 25.
Qb3 b6 26. Ne7 Rcd8 27. Nc6 Rd7 28. N4xe5 Bxe5 29. f4 Bd4+ 30. Nxd4 Qa5 31. e5 Qd2 32. Nf3 Bxf3 33. gxf3 h4 34. Rfd1 Qe2 35. gxh4 Kg7 36. Qc3 Kg8 37. Rd3 Rdd8 38. Rc2 Rc8 39. Rxe2 Rxc3 40. Rxc3 1-0

[Event "*** Titled Tuesday Blitz"]
[Site "Chess.com"]
[Date "2021.04.06"]
[Round "10"]
[White "Fighter008"]
[Black "kuli4ik"]
[Result "1/2-1/2"]
[WhiteElo "2645"]
[BlackElo "2873"]
[TimeControl "180+1"]
[EndTime "11:56:33 PDT"]
[Termination "Game drawn by repetition"]

1. e4 e6 2. d4 d5 3. Nc3 Be7 4. Be3 dxe4 5. Nxe4 Nd7 6. Qd2 Ngf6 7. Nxf6+ Nxf6 8.
O-O-O b6 9. Bb5+ Bd7 10. Be2 Bc6 11. Bf3 Bxf3 12. Nxf3 Qd5 13. Kb1 O-O-O 14. Qe2 Bd6 15. h3 h6 16. Rhe1 Kb8 17. c4 Qe4+ 18. Qc2 Qxc2+ 19.
Kxc2 c6 20. Ne5 Bxe5 21. dxe5 Nd7 22. Rd6 Kc7 23. f4 Nb8 24. c5 Na6 25. a3 bxc5 26. Red1 Rxd6 27. Rxd6 h5 28. Kc3 Rb8 29. b3 Rb7 30.
Bf2 Nb8 31. Bxc5 Nd7 32. Bf2 Nb6 33. Bxb6+ axb6 34. a4 Rb8 35. b4 Rg8 36. h4 Rh8 37. Kc4 Rh6 38. Rd3 Rg6 39. g3 f6 40. a5 fxe5 41.
fxe5 Rg4+ 42. Kb3 c5 43. bxc5 bxa5 44. Rd6 Rxg3+ 45. Ka4 Rc3 46. Rxe6 Rxc5 47. Re7+ Kc6 48. Rxg7 Rxe5 49. Rg6+ Kd7 50. Ra6 Ke7 51. Rxa5 Re4+ 52. Kb3 Rxh4 53. Kc3 Rh1 54. Kd3 h4 55. Ke3 h3 56. Rh5 Kf6 57. Kf2 Kg6 58. Rh8 Kg5 59. Rg8+ Kf4 60. Rf8+ Kg4 61. Rg8+ Kf4 62. Rf8+ Kg4 63.
Rg8+ Kf4 1/2-1/2

[Event "*** Titled Tuesday Blitz"]
[Site "Chess.com"]
[Date "2021.04.06"]
[Round "10"]
[White "Mazanchenko_Dmitry"]
[Black "Leo_C"]
[Result "1-0"]
[WhiteElo "2251"]
[BlackElo "2374"]
[TimeControl "180+1"]
[EndTime "11:56:34 PDT"]
[Termination "Mazanchenko_Dmitry won on time"]

1. e4 c6 2. Nc3 d5 3. Nf3 Bg4 4. h3 Bh5 5. g4 Bg6 6. exd5 cxd5 7. Bb5+ Nc6 8. Ne5 Rc8 9. h4 d4 10. h5 Bxc2 11. Qf3 Nf6 12. Nxc6 bxc6 13. Bxc6+ Nd7 14. Nb5 e5 15. Nxa7 Rb8 16. Qd5 Be7 17. Nb5 Ba4 18. b3 Bxb5 19. Bxb5 Qc7 20. h6 g6 21. Bxd7+ Qxd7 22. Qxe5 Qd6 23. Qxh8+ Kd7 24. Qg7 Qe6+ 25. Kf1 Rb4 26. d3 Bf6 27. Qf8 Be7 28. Qg7 Bf6 29. Qxh7 Qd5 30. Kg1 Rb6 31. Bf4 Re6 32. Rf1 Qf3 33.
Qxf7+ Re7 34. Qxf6 Qxg4+ 35. Bg3 Re6 36. Qf7+ Re7 37.
Qd5+ Ke8 38. Qg2 Kf7 39. Bh4 Ke8 40. Qxg4 1-0

[Event "*** Titled Tuesday Blitz"]
[Site "Chess.com"]
[Date "2021.04.06"]
[Round "10"]
[White "ukchessbomber"]
[Black "Airquake"]
[Result "1-0"]
[WhiteElo "2519"]
[BlackElo "2660"]
[TimeControl "180+1"]
[EndTime "11:56:36 PDT"]
[Termination "ukchessbomber won on time"]

1. d4 Nf6 2. c4 e6 3. Nc3 d5 4. cxd5 exd5 5. Bg5 Nbd7 6. e3 c6 7. Bd3 h6 8. Bh4 Be7 9. Nf3 b5 10. O-O a5 11. Rc1 O-O 12. a4 b4 13. Ne2 c5 14.
dxc5 Bxc5 15. Ned4 Qb6 16. Qc2 Bb7 17. Bb5 Bd6 18.
Nf5 Rfc8 19. Qd3 Bf8 20. Qd4 Bc5 21. Qf4 Nf8 22. Nxh6+ Kh7 23. Nxf7 Ng6 24. Qf5 Ne4 25. N3e5 Rf8 26. Qh5+ Kg8 27. Nxg6 Kxf7 28. Nxf8+ Kxf8 29. Qh8+ Kf7 30. Qh5+ Kg8 31. Bd3 Bxe3 32. Bxe4 Bxc1 33. Bh7+ Kh8 34. Bg6+ Bh6 35. Bg5 Ra6 36. Bd3 Ra8 37.
Bg6 Ra6 38. Bf5 Ra8 39. Re1 Qc6 40. Bg6 Qd7 41. Bxh6 gxh6 42. Qxh6+ Kg8 43. Re5 Rf8 44. Rg5 Qg7 45. Bh7+ Kf7 46. Qxg7+ Ke8 47. Re5+ 1-0

[Event "*** Titled Tuesday Blitz"]
[Site "Chess.com"]
[Date "2021.04.06"]
[Round "10"]
[White "Bodnar_Mykola"]
[Black "mikolka1985"]
[Result "0-1"]
[WhiteElo "2504"]
[BlackElo "2658"]
[TimeControl "180+1"]
[EndTime "11:56:37 PDT"]
[Termination "mikolka1985 won on time"]

1. d4 Nf6 2. c4 e6 3. Nf3 b6 4. g3 Ba6 5. b3 Bb4+ 6. Bd2 Be7 7. Bg2 d5 8. Bc3 O-O 9. O-O Nbd7 10. Nbd2 Bb7 11. Rc1 a5 12. e3 Ra7 13. Qe2 Qa8 14.
a4 c5 15. Rfd1 Re8 16. cxd5 exd5 17. dxc5 bxc5 18. Ne5 Nxe5 19. Bxe5 Nd7 20. Bxg7 Kxg7 21. Qg4+ Kh8 22. Qxd7 d4 23. Bxb7 Rxb7 24. Qf5 dxe3 25. Qe5+ Kg8 26. Qxe3 Bf8 27. Qg5+ Kh8 28. Re1 Rb6 29.
Rxe8 Qxe8 30. Nf3 Rxb3 31. Re1 Qc8 32. Qf4 Kg8 33. Ng5 Rb7 34. h4 c4 35. Qe4 f6 36.
Qd5+ Kh8 37. Ne6 Bb4 38. Qf5 Rf7 39. Qh5 Re7 40. Qf5 Rf7 41. Qh5 Qd7 42. Qf5 Bxe1 0-1

[Event "*** Titled Tuesday Blitz"]
[Site "Chess.com"]
[Date "2021.04.06"]
[Round "10"]
[White "shimastream"]
[Black "gmgamil"]
[Result "0-1"]
[WhiteElo "2939"]
[BlackElo "2826"]
[TimeControl "180+1"]
[EndTime "11:56:39 PDT"]
[Termination "gmgamil won by resignation"]

1. e4 e5 2. Nf3 d6 3. Bc4 h6 4. d4 Qe7 5. Nc3 c6 6. h3 Nf6 7.
O-O g5 8. dxe5 dxe5 9. Nh2 Rg8 10. g4 h5 11. a4 hxg4 12. hxg4 Nbd7 13. Be3 Nc5 14. f3 Be6 15. Bxe6 Nxe6 16. Rf2 Nd7 17. Nf1 Nf4 18. Rd2 O-O-O 19. Ng3 Qf6 20. Nf5 Rh8 21.
Ne2 Bc5 22. Bxc5 Nxc5 23. Nxf4 exf4 24. Rd4 Ne6 25. Rd6 Qxb2 26. Rb1 Qc3 27. Kg2 Nc5 28. a5 Kc7 29. a6 b5 30. e5 Qxe5 31.
Rxd8 Rxd8 32. Qe1 Qxe1 33. Rxe1 Rd2+ 34. Kh3 Nxa6 35. Re7+ Rd7 36. Re5 Nb4 37. c3 Nd5 38. Nd4 f6 39. Re6 Rd6 40. Re8 Nxc3 41. Nf5 Rd7 42. Rf8 b4 43. Rxf6 b3 44. Kg2 b2 45.
Rh6 b1=Q 0-1

[Event "*** Titled Tuesday Blitz"]
[Site "Chess.com"]
[Date "2021.04.06"]
[Round "10"]
[White "MirMan90"]
[Black "Mikhail_Golubev"]
[Result "1-0"]
[WhiteElo "2686"]
[BlackElo "2559"]
[TimeControl "180+1"]
[EndTime "11:56:40 PDT"]
[Termination "MirMan90 won on time"]

1. d4 Nf6 2. c4 g6 3. Nc3 Bg7 4. e4 d6 5. Nf3 O-O 6. h3 Na6 7. Bg5 Qe8 8. Be2 e5 9. d5 Nh5 10. g3 f5 11. exf5 gxf5 12. Nh4 Nf6 13. Qd2 Nc5 14.
f3 Nh5 15. Rg1 f4 16. gxf4 Nxf4 17. Bh6 Rf7 18. O-O-O Qe7 19. Bg5 Qf8 20. Bxf4 exf4 21. Bd3 Qd8 22. Ng2 Nxd3+ 23. Qxd3 Bf5 24. Ne4 Kh8 25.
Kb1 Be5 26. Ne1 Qe7 27. Nc2 Rg8 28. Rge1 Qd7 29. h4 Rfg7 30. Nd4 Bxe4 31. Qxe4 Rg2 32. Re2 Qh3 33. Rdd2 Qh1+ 34. Kc2 Rg1 35. Kb3 a6 36. Rh2 Qxh2 37. Rxh2 Rd1 38. Ne6 Rg3 39. Qf5 Rf1 40.
Qf8+ Rg8 41. Qf7 Rxf3+ 42. Kc2 Rfg3 43. Ng5 1-0

[Event "*** Titled Tuesday Blitz"]
[Site "Chess.com"]
[Date "2021.04.06"]
[Round "10"]
[White "Ind1anStar"]
[Black "BahadirOzen"]
[Result "1-0"]
[WhiteElo "2526"]
[BlackElo "2701"]
[TimeControl "180+1"]
[EndTime "11:56:40 PDT"]
[Termination "Ind1anStar won on time"]

1. c4 g6 2. Nc3 Bg7 3. g3 e6 4. Bg2 Ne7 5. d3 d5 6. cxd5 exd5 7. Nf3 O-O 8. O-O d4 9. Ne4 Nbc6 10. Bf4 h6 11. Qd2 Kh7 12. b4 a6 13. a4 Nd5 14.
b5 Nxf4 15. Qxf4 Nb4 16. Rfc1 Nd5 17. Qd2 axb5 18. axb5 Rxa1 19. Rxa1 Qe7 20. Rc1 f5 21. Neg5+ Kh8 22. Nh4 Qf6 23. Bxd5 hxg5 24. Nf3 g4 25. Nh4 g5 26. Ng2 Qe7 27. Qc2 Be5 28. Qc5 Qxc5 29. Rxc5 Bd6 30. Rc4 Be5 31. f4 gxf3 32. exf3 f4 33. g4 Kg7 34. Be4 Kf6 35. h4 gxh4 36. Nxh4 Kg5 37. Ng6 Re8 38. Rc5 Kf6 39. g5+ Kxg5 40.
Rxe5+ Kf6 41. Rxe8 1-0

[Event "*** Titled Tuesday Blitz"]
[Site "Chess.com"]
[Date "2021.04.06"]
[Round "10"]
[White "TC2304"]
[Black "mamonika"]
[Result "1-0"]
[WhiteElo "2282"]
[BlackElo "2058"]
[TimeControl "180+1"]
[EndTime "11:56:40 PDT"]
[Termination "TC2304 won on time"]

1. Nf3 Nf6 2. g3 g6 3. Bg2 Bg7 4. O-O O-O 5. c4 c6 6. Nc3 d5 7. b3 d4 8. Nb1 Qc7 9. Bb2 e5 10. e3 Bg4 11. exd4 e4 12. Nc3 exf3 13. Bxf3 Bxf3 14.
Qxf3 Nbd7 15. Rfe1 Rfe8 16. Kg2 Nf8 17. Re3 Ne6 18. Ne2 Ng5 19. Qf4 Qxf4 20. Nxf4 Nfe4 21.
Rae1 Nd6 22. h4 Rxe3 23. dxe3 Nge4 24. Ba3 Rd8 25. f3 Nf6 26. g4 Bf8 27. Bb2 Bg7 28. Ba3 Nfe8 29. Nd3 f5 30. Nc5 fxg4 31. fxg4 Rd7 32. Ne6 Ne4 33. Rf1 Rf7 34. Rxf7 Kxf7 35. Nd8+ Kg8 36. Nxb7 Nc3 37. Nd8 Nxa2 38. Nxc6 a6 39. d5 Bf8 40. Bb2 Nb4 41. Ne5 Bc5 42. Kf3 Nd6 43. Nd7 Ba7 44. e4 1-0

[Event "*** Titled Tuesday Blitz"]
[Site "Chess.com"]
[Date "2021.04.06"]
[Round "10"]
[White "TimKett"]
[Black "j2806"]
[Result "1-0"]
[WhiteElo "2218"]
[BlackElo "2138"]
[TimeControl "180+1"]
[EndTime "11:56:40 PDT"]
[Termination "TimKett won by resignation"]

1. e4 c5 2. Nf3 d6 3. d4 cxd4 4.
Nxd4 Nf6 5. Nc3 a6 6. Bc4 e6 7.
O-O Be7 8. f4 Qc7 9. Qe2 O-O 10.
e5 dxe5 11. fxe5 Nfd7 12. Kh1 Nxe5 13. Bb3 Nbc6 14. Nxc6 Nxc6 15. Ne4 Nd4 16. Qh5 Nxb3 17. cxb3 b5 18. Bf4 Qc6 19. Rae1 Bb7 20. Rf3 f5 21. Rh3 h6 22. Bxh6 fxe4 23. Bxg7 e3 24. Rg3 Bg5 25. Qxg5 Kf7 26. Qg6+ Ke7 27. Bxf8+ Rxf8 28. Qg5+ Ke8 29.
Qxe3 Bc8 30. Rg7 Qd6 31. h3 Qf4 32. Qa7 Qf6 33. Rh7 Rf7 34. Rxf7 Qxf7 35. Qxf7+ Kxf7 36. h4 Bd7 37. Kh2 Kf6 38. Kg3 Bc6 39. h5 e5 40.
h6 e4 41. h7 Kg7 42. Rh1 e3 43. h8=Q+ Kg6 44. Qh7+ Kf6 45. Qh6+ Ke7 46. Qxc6 1-0

[Event "*** Titled Tuesday Blitz"]
[Site "Chess.com"]
[Date "2021.04.06"]
[Round "10"]
[White "rynos0411"]
[Black "Xeniya2005"]
[Result "0-1"]
[WhiteElo "2435"]
[BlackElo "2340"]
[TimeControl "180+1"]
[EndTime "11:56:41 PDT"]
[Termination "Xeniya2005 won by resignation"]

1. d4 Nf6 2. c4 e6 3. Nf3 b6 4. g3 Ba6 5. b3 d5 6. Bg2 Bb4+ 7. Bd2 Be7 8. O-O O-O 9. Qc2 Nbd7 10. Re1 Bb7 11. Nc3 c5 12. cxd5 exd5 13. Rad1 Rc8 14.
Qb1 Re8 15. e3 Bf8 16. h3 Ne4 17. Nxe4 dxe4 18. Nh2 cxd4 19. exd4 Ba8 20. Bxe4 Rxe4 21. Rxe4 Nf6 22. Re3 Qd5 23. Nf3 Re8 24. Rde1 Rxe3 25. Rxe3 Ne4 26. Rxe4 Qxe4 27. Qxe4 Bxe4 28. Ne5 f6 29.
Nc4 Bb1 30. a4 Ba2 31. a5 b5 32. Na3 Bxa3 33. b4 Bd5 34. Bc3 Bc1 35. Kf1 Kf7 36. Ke2 Ke6 37. h4 Bh6 38. Kd1 Kf5 39. Ke2 Ke4 40. f3+ Kf5 41. Kf2 Ke6 42. f4 g5 43. Ke3 gxf4+ 44. gxf4 Kf5 45. Kf2 Bxf4 46. Ke2 Kg4 47. Kd3 Kxh4 48. Be1+ Kg4 49. Ke2 Bc4+ 50. Kf2 Kf5 51. Kf3 Bd5+ 52. Ke2 h5 53. a6 Kg4 54. Kf1 h4 55. Kg1 h3 56. Bh4 h2+ 0-1

[Event "*** Titled Tuesday Blitz"]
[Site "Chess.com"]
[Date "2021.04.06"]
[Round "10"]
[White "Snowflake"]
[Black "ybruned"]
[Result "1-0"]
[WhiteElo "2484"]
[BlackElo "2341"]
[TimeControl "180+1"]
[EndTime "11:56:42 PDT"]
[Termination "Snowflake won on time"]

1. e4 b6 2. Ke2 Bb7 3. Ke3 e6 4. d3 d5 5. exd5 Qxd5 6. Nc3 Qe5+ 7. Kd2 Nc6 8. Nf3 Qf4+ 9. Ke1 Qd6 10. Be3 O-O-O 11.
Be2 Nf6 12. Qd2 Nd5 13. Nxd5 exd5 14. d4 Be7 15. c3 Bf6 16. Kf1 h6 17. g3 g5 18. h3 Ne7 19. Bd3 Bg7 20. Kg2 f5 21.
Rhe1 Rhf8 22. Ne5 Bxe5 23. dxe5 Qe6 24. Kh2 Kb8 25. a4 d4 26. cxd4 f4 27. gxf4 gxf4 28. Bxf4 Rxd4 29. Bg3 Rfd8 30. Re3 Ba6 31. Rd1 Rxd3 32. Rxd3 Rxd3 33. Qc1 Rxd1 34. Qxd1 Nf5 35. Qg4 Bc4 36. a5 bxa5 37. Bf4 a4 38. Qf3 Qd5 39. Qc3 Nd4 40. Qb4+ Ka8 41. Qf8+ Kb7 42. Qb4+ Bb5 43. Kg3 a6 44. Qa3 Ne2+ 45. Kg4 Qe6+ 46. Kf3 Qxh3+ 47. Ke4 Qg4 48. Qf3 Qxf3+ 49. Kxf3 Nxf4 50. Kxf4 Bc4 51. Kf5 Kc8 52. Kf6 Kd7 53. f4 h5 54.
f5 h4 55. e6+ 1-0

[Event "*** Titled Tuesday Blitz"]
[Site "Chess.com"]
[Date "2021.04.06"]
[Round "10"]
[White "beto-betun"]
[Black "retropwr"]
[Result "1-0"]
[WhiteElo "2241"]
[BlackElo "2383"]
[TimeControl "180+1"]
[EndTime "11:56:42 PDT"]
[Termination "beto-betun won on time"]

1. d4 d6 2. Nf3 Bg4 3. g3 Bxf3 4. exf3 e6 5. Bg2 c6 6. f4 d5 7. O-O Bd6 8. c4 Ne7 9. cxd5 exd5 10. Re1 O-O 11.
b3 Na6 12. Ba3 Re8 13. Bxd6 Qxd6 14. Nd2 Nc7 15. Nf3 f6 16. Qd3 Qd7 17. h4 Ng6 18. h5 Nf8 19. Kh2 Rxe1 20. Rxe1 Re8 21. Bh3 Qd8 22. h6 g6 23. Re3 Nb5 24. g4 Nd6 25. g5 Re4 26. Kg3 Qe7 27. Nd2 fxg5 28. Nxe4 Nxe4+ 29. Rxe4 dxe4 30. Qe3 gxf4+ 31. Qxf4 g5 32.
Qe5 Qxe5+ 33. dxe5 Ng6 34. e6 Nf4 35. Bf5 Nd5 36. Bxe4 Nf6 37. Bf5 Kf8 38. f4 gxf4+ 39. Kxf4 Ke7 40. Ke5 b6 41. Bd3 c5 42. a4 Ng4+ 43.
Kf5 Nxh6+ 44. Ke5 Ng4+ 45. Kf5 h5 46. Kg5 Nf2 47. Bf5 1-0

[Event "*** Titled Tuesday Blitz"]
[Site "Chess.com"]
[Date "2021.04.06"]
[Round "10"]
[White "GMHess"]
[Black "albi1999"]
[Result "1-0"]
[WhiteElo "2752"]
[BlackElo "2591"]
[TimeControl "180+1"]
[EndTime "11:56:44 PDT"]
[Termination "GMHess won by resignation"]

1. b3 d5 2. Bb2 Bg4 3. h3 Bh5 4.
d3 Nd7 5. Nd2 Ngf6 6. g4 Bg6 7.
Ngf3 c6 8. Bg2 e6 9. e3 Bd6 10. Nh4 e5 11. Qe2 Qe7 12. a3 O-O-O 13. O-O Kb8 14. c4 Rhe8 15. b4 Bc7 16. b5 cxb5 17.
cxd5 Nc5 18. Nxg6 hxg6 19. e4 Na4 20. Nb3 Bb6 21. Bc1 Nc3 22. Qe1 Rc8 23. Bd2 Na4 24.
Bb4 Qd8 25. Qd2 Rh8 26. Rac1 Rxc1 27. Rxc1 Nh7 28. d4 Ng5 29. Qd3 exd4 30. e5 Nb2 31.
Qg3 Nc4 32. a4 bxa4 33. Rxc4 axb3 34. e6+ Ka8 35. exf7 Qf6 36. Qxb3 Qxf7 37. Bd6 Qd7 38. Bf4 Nf7 39. Rb4 g5 40. Bg3 Bc5 41. Rxb7 Qe8 42.
d6 Qe1+ 43. Kh2 Rxh3+ 44. Kxh3 1-0

[Event "*** Titled Tuesday Blitz"]
[Site "Chess.com"]
[Date "2021.04.06"]
[Round "10"]
[White "Sueetin"]
[Black "dosto07"]
[Result "1-0"]
[WhiteElo "2397"]
[BlackElo "2260"]
[TimeControl "180+1"]
[EndTime "11:56:44 PDT"]
[Termination "Sueetin won by resignation"]

1. d4 d5 2. c4 dxc4 3. e3 Nf6 4. Bxc4 e6 5. Nf3 c5 6. O-O a6 7. dxc5 Bxc5 8. Qxd8+ Kxd8 9. Ne5 Ke7 10. Be2 Nbd7 11. Nd3 Bd6 12. Nd2 b5 13. a4 Bb7 14. Nb3 Bd5 15.
Nd4 b4 16. f3 Rhc8 17. e4 Bc4 18. Be3 Ne5 19. Rfd1 Nfd7 20. Kf2 Nxd3+ 21. Bxd3 Bxd3 22.
Rxd3 Ne5 23. Rdd1 Nc4 24. Rab1 Bc5 25. f4 g5 26. g3 gxf4 27. gxf4 Nxe3 28. Kxe3 Rd8 29.
e5 Rxd4 30. Rxd4 Rd8 31. Rd1 f6 32. Ke4 Rxd4+ 33. Rxd4 Bxd4 34. Kxd4 fxe5+ 35. Kxe5 a5 36. b3 Kf7 37. f5 exf5 38. Kxf5 Kg7 39. Kg5 h6+ 40.
Kf5 Kf7 41. h3 Kg7 42. h4 Kf7 43. h5 Kg7 44. Ke6 Kg8 45. Kf6 Kh7 46. Kf7 Kh8 47. Kg6 Kg8 48. Kxh6 Kh8 49. Kg6 Kg8 50. Kf6 Kh8 51.
Ke6 Kh7 52. Kd6 Kh6 53. Kc5 Kxh5 54. Kb5 Kg5 55. Kxa5 Kf5 56. Kxb4 1-0

[Event "*** Titled Tuesday Blitz"]
[Site "Chess.com"]
[Date "2021.04.06"]
[Round "10"]
[White "morte-negra"]
[Black "Das_Virus_2020"]
[Result "0-1"]
[WhiteElo "1969"]
[BlackElo "2412"]
[TimeControl "180+1"]
[EndTime "11:56:44 PDT"]
[Termination "Das_Virus_2020 won on time"]

1. e4 e6 2. d4 d5 3. e5 c5 4. c3 Nc6 5. Nf3 Qb6 6. a3 c4 7. Be2 Na5 8. Nbd2 Bd7 9. O-O h6 10. Rb1 Ne7 11. b4 cxb3 12. Nxb3 Nxb3 13. Qxb3 Qxb3 14.
Rxb3 b6 15. Bd3 Nc6 16. c4 Na5 17. Rc3 Nxc4 18. Bxc4 dxc4 19. Be3 b5 20. Nd2 Bc6 21. f3 Be7 22. Ne4 O-O 23. Rd1 Bd5 24. Rb1 Rfb8 25.
Nc5 a5 26. Nd7 Rb7 27. Nc5 Bxc5 28. dxc5 b4 29. axb4 axb4 30. Rcc1 Rab8 31. c6 Rb5 32. c7 Rc8 33. Bd2 b3 34. Bc3 Rxc7 35. Rb2 Ra7 36. Rcb1 Ra6 37. Kf2 Rb8 38. Ke3 Rba8 39. Kd2 Kf8 40.
Ke3 Ke7 41. Kd4 Kd7 42. Kc5 Kc7 43. Kd4 Kc6 44. Ke3 Kc5 45. g3 Kb5 46. f4 Ra2 47. h4 h5 48. Kd4 g6 49. Ke3 Rxb2 50. Rxb2 Ra2 0-1